 Dungeon Crawl Stone Soup version 0.31-a0-702-gf82c85558f (webtiles) character file.

Game seed: 6034811609991871179

263 qw the Shooter (level 6, -11/38 HPs)
             Began as a Gargoyle Hunter on Sept 7, 2023.
             Killed by divine providence
             ... invoked by an orc priest
              (12 damage)
             ... on level 4 of the Dungeon.
             The game lasted 00:01:05 (2523 turns).

qw the Shooter (Gargoyle Hunter)                    Turns: 2523, Time: 00:01:06

Health: -11/38     AC: 11    Str: 14    XL:     6   Next: 19%
Magic:  6/6        EV: 11    Int: 10    God:
Gold:   65         SH:  0    Dex: 15    Spells: 5/5 levels left

rFire   + . .        Y - +1 shortbow
rCold   . . .        (shield currently unavailable)
rNeg    + + .        c - +1 ring mail {rN+}
rPois   inf          a - +0 helmet
rElec   +            (no cloak)
rCorr   .            (no gloves)
SInv    .            (no boots)
Will    .....        (no amulet)
Stlth   +            h - ring of protection from fire
HPRegen 0.26/turn    (no ring)
MPRegen 0.10/turn

%: no passive effects
@: no status effects
A: sickness immunity, AC +4, negative energy resistance 1, electricity
resistance, torment resistance 1, petrification resistance
a: no special abilities


You were on level 4 of the Dungeon.
You visited 1 branch of the dungeon, and saw 4 of its levels.

You collected 104 gold pieces.
You spent 39 gold pieces at shops.


Innate Abilities, Weirdness & Mutations

You are immune to sickness and miasma.
Your stone body is resilient. (AC +4)
You are immune to poison.
You resist negative energy. (rN+)
You are resistant to electric shocks. (rElec)
You are resistant to unholy torment.
You are immune to petrification.


   Skills:
 - Level 4.0 Fighting
 + Level 6.2 Ranged Weapons
 - Level 2.0 Armour
 - Level 1.5 Dodging
 - Level 1.1 Stealth


You had 5 spell levels left.
You didn't know any spells.
Your spell library was empty.

Inventory:

Hand Weapons
 Y - a +1 shortbow (weapon)
Armour
 a - a +0 helmet (worn)
 c - a +1 ring mail of positive energy (worn)
Jewellery
 h - a ring of protection from fire (left hand)
Scrolls
 b - a scroll of identify
 j - 4 scrolls of teleportation
Potions
 f - a potion of curing
 g - a potion of might {unknown}
 i - a potion of haste

Dungeon Overview and Level Annotations

Branches:
Dungeon (4/15)
 Temple: D:4-7

Altars:
Ashenzari
Dithmenos
Xom

Shops:
D:2 !

Annotations:
D:3 1 runed translucent door, Crazy Yiuf


Message History

You kill the jackal!
You shoot an arrow. The arrow barely misses the orc priest.
The arrow hits the orc.
The orc is heavily wounded.
The orc priest hits you with a +0 morningstar.
You shoot an arrow.
The arrow hits the orc priest but does no damage.
The orc priest barely misses you. x2
You shoot an arrow. The arrow barely misses the orc priest.
The orc priest invokes the aid of Beogh against you.
Beogh smites you!
You shoot an arrow. The arrow hits the orc priest.
The orc priest is moderately wounded.
The orc priest barely misses you.
Enter note:
2518 |||
Found retreat position at 0,3 (floor) with 0 blocking monsters and 2 monsters attacking at destination at distance 3
2518 ||| Stepping ~*~*~tactically~*~*~ (retreating).
The orc priest attacks as it pursues you!
The orc priest hits you with a +0 morningstar.
Enter note:
2519 |||
Found retreat position at 1,2 (floor) with 0 blocking monsters and 2 monsters attacking at destination at distance 2
2519 ||| Stepping ~*~*~tactically~*~*~ (retreating).
Enter note:
2520 |||
Found retreat position at 1,1 (floor) with 0 blocking monsters and 2 monsters attacking at destination at distance 1
2520 ||| Stepping ~*~*~tactically~*~*~ (retreating).
The orc priest attacks as it pursues you!
The orc priest hits you but does no damage.
The orc priest calls upon Beogh to heal something.
You shoot an arrow. The arrow barely misses the orc priest.
The arrow barely misses the orc wizard.
You shoot an arrow.
The arrow closely misses the orc priest.
The orc priest closely misses you. The orc priest completely misses you.
You shoot an arrow. The arrow barely misses the orc priest.
The orc priest barely misses you.
The orc priest invokes the aid of Beogh against you.
Beogh smites you! The orc priest barely misses you.
The orc priest calls down the wrath of Beogh upon you.
Beogh smites you!
You die...

..... ........
.....###.........
..................
..>...)..#............
......%%##.............
.......................
#......o#..............
#......o#..............
##....oo@)............#
.......##..........# .#
.......##..........##.#
.............##.......#
.##...#......#........##.
##.###.....##..........
#. #.....##....(.##..
...........<.......
........##..........


You could see 2 orc priests, an orc wizard and an orc.

Vanquished Creatures
  A scorpion (D:4)
  An orc priest (D:3)
  Jessica (D:2)
  An iguana (D:4)
  5 adders
  2 worms (D:3)
  2 dart slugs
  3 orcs
  7 ball pythons
  8 endoplasms
  2 giant cockroaches
  5 goblins
  3 hobgoblins
  2 jackals (D:4)
  9 kobolds
  A quokka (D:3)
  2 bats (D:3)
  8 frilled lizards
  8 rats
71 creatures vanquished.

Notes
Turn   | Place    | Note
-------+----------+-------------------------------------------
     0 | D:1      | qw the Gargoyle Hunter began the quest for the Orb.
     0 | D:1      | Reached XP level 1. HP: 12/12 MP: 1/1
     0 | D:1      | 0 ||| qw: Version: 0.3-a-76-g4403597
     0 | D:1      | 0 ||| qw: Game counter: 899
     0 | D:1      | 0 ||| qw: Melee chars always use a shield: true
     0 | D:1      | 0 ||| qw: God list: Okawaru
     0 | D:1      | 0 ||| qw: Allow faded altars: false
     0 | D:1      | 0 ||| qw: Do Orc after clearing Dungeon:15 true
     0 | D:1      | 0 ||| qw: Do second Lair branch before Depths: true
     0 | D:1      | 0 ||| qw: Lair rune preference: random
     0 | D:1      | 0 ||| qw: Goals: Normal
     0 | D:1      | 0 ||| PLANNING D:1-11
    52 | D:1      | Reached XP level 2. HP: 17/17 MP: 2/2
   499 | D:1      | Found a faded altar of an unknown god.
   626 | D:1      | Reached XP level 3. HP: 21/21 MP: 3/3
   799 | D:1      | 799 ||| READING scroll labelled SACREA IPLO.
   800 | D:1      | 800 ||| READING scroll labelled TYVAINONNI.
   817 | D:1      | 817 ||| READING scroll labelled WIGGEE CA DOSK.
   818 | D:1      | 818 ||| READING 4 scrolls labelled PAIZIGG KUHESH.
   821 | D:1      | 821 ||| READING scroll labelled JALLES JITER.
   822 | D:1      | 822 ||| DRINKING 2 amethyst potions.
   823 | D:1      | 823 ||| DROPPING scroll of butterflies.
   824 | D:1      | 824 ||| DROPPING potion of magic.
   929 | D:2      | Reached skill level 5 in Ranged Weapons
  1063 | D:2      | Reached skill level 3 in Fighting
  1074 | D:2      | Reached XP level 4. HP: 27/28 MP: 4/4
  1085 | D:2      | Noticed Jessica
  1088 | D:2      | Killed Jessica
  1350 | D:2      | Found Hain's Distillery.
  1358 | D:2      | 1358 ||| BUYING potion of curing (39 gold).
  1358 | D:2      | Bought a potion of curing for 39 gold pieces
  1358 | D:2      | 1358 ||| SHOPLISTING potion of curing (39 gold, have 11).
  1358 | D:2      | 1358 ||| SHOPLISTING potion of enlightenment (65 gold, have
                  | 11).
  1358 | D:2      | 1358 ||| SHOPLISTING potion of haste (130 gold, have 11).
  1358 | D:2      | 1358 ||| SHOPLISTING potion of heal wounds (65 gold, have
                  | 11).
  1632 | D:2      | 1632 ||| UPGRADING to +0 helmet.
  1637 | D:2      | 1637 ||| UPGRADING to ring of protection from fire.
  1638 | D:2      | 1638 ||| READING scroll labelled SEVOIM RUOXI.
  1639 | D:2      | 1639 ||| READING scroll labelled WYGHOU BOWNI.
  1640 | D:2      | 1640 ||| DRINKING 2 yellow potions.
  1867 | D:3      | Reached XP level 5. HP: 32/32 MP: 5/5
  1898 | D:3      | Found a shimmering altar of Xom.
  2126 | D:3      | You fall into a shaft and drop 1 floor!
  2132 | D:4      | Reached skill level 6 in Ranged Weapons
  2140 | D:4      | Found a shadowy altar of Dithmenos.
  2140 | D:4      | Found a broken altar of Ashenzari.
  2163 | D:4      | 2163 ||| UPGRADING to +0 ring mail.
  2173 | D:4      | 2173 ||| DROPPING +0 leather armour.
  2174 | D:4      | 2174 ||| READING scroll labelled IZYIBB QOYRE.
  2175 | D:4      | 2175 ||| DRINKING 2 silvery potions.
  2176 | D:4      | 2176 ||| DROPPING potion of brilliance.
  2182 | D:4      | Noticed an ogre
  2183 | D:4      | 2183 ||| FLEEEEING.
  2184 | D:4      | 2184 ||| STAIRDANCE
  2349 | D:3      | Found a runed translucent door.
  2350 | D:3      | Noticed Crazy Yiuf
  2401 | D:3      | 2401 ||| UPGRADING to +1 ring mail of positive energy.
  2411 | D:3      | 2411 ||| DROPPING +0 ring mail.
  2444 | D:4      | Reached XP level 6. HP: 38/38 MP: 6/6
  2512 | D:4      | 2512 ||| Stepping ~*~*~tactically~*~*~ (retreating).
  2518 | D:4      | 2518 ||| Stepping ~*~*~tactically~*~*~ (retreating).
  2519 | D:4      | 2519 ||| Stepping ~*~*~tactically~*~*~ (retreating).
  2520 | D:4      | 2520 ||| Stepping ~*~*~tactically~*~*~ (retreating).
  2523 | D:4      | HP: 1/38 [orc priest/divine providence (11)]
  2523 | D:4      | Killed from afar by an orc priest

Levels and vault maps discovered:
D:1:      lightli_arrival_farm, layout_basic,
          chequers_ecumenical_altar_simple_redux
D:2:      layout_loops_corners, serial_shops, shop, kennysheep_cluttered_room,
          uniq_jessica
D:3:      layout_basic, mainiacjoe_overflow_alcove_1, uniq_crazy_yiuf_cottage
D:4:      layout_cave_pools, gammafunk_temple_overflow_elements,
          kennysheep_diamond

Skill      XL: |  1  2  3  4  5 |
---------------+----------------+-----
Ranged Weapons | 5 6 |  6.2
Fighting       | 3 4 |  4.0
Armour         | 2 |  2.0
Dodging        | |  1.5
Stealth        | |  1.1

Action                     |  1- 3 |  4- 6 || total
---------------------------+-------+-------++-------
   Fire: Shortbow          |    89 |   174 ||   263
    Use: Scroll            |     5 |     3 ||     8
         Potion            |     1 |     2 ||     3
 Armour: Leather armour    |    16 |    20 ||    36
         Ring mail         |       |    34 ||    34
  Dodge: Dodged            |    17 |    66 ||    83

Table legend:
 A = Non-vault XP
 B = Vault XP
 C = Vault XP percentage of total XP
 D = Non-vault monster count
 E = Vault monster count
 F = Vault count percentage of total count
                 A         B        C        D         E       F
            +---------+---------+-------+---------+---------+-------
      Total |     339 |      37 |   9.8 |      70 |       1 |   1.4
            +---------+---------+-------+---------+---------+-------
        D:1 |      34 |       0 |   0.0 |      19 |       0 |   0.0
        D:2 |      79 |      37 |  31.9 |      27 |       1 |   3.6
        D:3 |      74 |       0 |   0.0 |      15 |       0 |   0.0
        D:4 |     152 |       0 |   0.0 |       9 |       0 |   0.0
            +---------+---------+-------+---------+---------+-------
